 Dungeon Crawl Stone Soup version 0.21-a0-508-gf08a75f (webtiles) character file.

634 zero the Digger (level 7, -3/36 HPs)
             Began as a Gargoyle Earth Elementalist on Nov 28, 2017.
             Killed by nerve-wracking pain
             ... invoked by Grinder
              (6 damage)
             ... on level 4 of the Dungeon.
             The game lasted 00:14:08 (5028 turns).

zero the Digger (Gargoyle Earth Elementalist)       Turns: 5028, Time: 00:14:08

Health: -3/36      AC:  8    Str: 12    XL:     7   Next: 49%
Magic:  6/12       EV: 12    Int: 21    God:
Gold:   125        SH:  0    Dex: 10    Spells: 4/13 levels left

rFire    + . .     SeeInvis .   m - +12 mace of the Mosquito {venom, rElec rC+}
rCold    + . .     Gourm    .   (no shield)
rNeg     + . .     Faith    .   b - +1 robe {rF+}
rPois    ∞         Spirit   .   q - +0 helmet
rElec    +         Reflect  .   (no cloak)
rCorr    .         Harm     .   (no gloves)
MR       .....                  (no boots)
Stlth    ++........             i - amulet of magic regeneration
HPRegen  0.12/turn              v - +4 ring of intelligence
MPRegen  0.38/turn              (no ring)

@: no status effects
A: negative energy resistance 1, electricity resistance, unbreathing,
petrification resistance, rot immunity, AC +4
a: no special abilities


You were on level 4 of the Dungeon.
You were not hungry.

You visited 1 branch of the dungeon, and saw 4 of its levels.
You also visited: Sewer.

You collected 125 gold pieces.

Inventory:

Hand Weapons
 m - the +12 mace of the Mosquito (weapon) {venom, rElec rC+}
   (You found it on level 4 of the Dungeon)

   It poisons the flesh of those it strikes.
   It protects you from cold.
   It insulates you from electricity.
 w - a +1 dagger of venom
Missiles
 h - 2 tomahawks (quivered)
 j - 64 stones
Armour
 b - a +1 robe of fire resistance (worn)
 q - a +0 helmet (worn)
Jewellery
 i - an amulet of magic regeneration (around neck)
 v - a +4 ring of intelligence (left hand)
Wands
 c - a wand of flame (22)
 f - a wand of random effects (15)
Scrolls
 l - 2 scrolls of remove curse
 n - a scroll of magic mapping
 o - 3 scrolls of teleportation
 s - 2 scrolls of blinking
 x - a scroll of enchant armour
 y - a scroll of immolation {unknown}
Potions
 a - a potion of berserk rage {unknown}
 g - 4 potions of curing
 k - a potion of lignification {unknown}
 p - a potion of resistance {unknown}
 r - 2 potions of magic {unknown}
 t - a potion of haste {unknown}
 u - 3 potions of heal wounds {unknown}
Books
 e - a book of Geomancy

   Spells                             Type                      Level
   a - Sandblast                      Earth                        1
   b - Passwall                       Transmutation/Earth          2
   c - Stone Arrow                    Conjuration/Earth            3
   d - Petrify                        Transmutation/Earth          4
   e - Lee's Rapid Deconstruction     Earth                        5
Comestibles
 d - 5 bread rations
 z - 4 chunks of flesh


   Skills:
 - Level 1.5 Dodging
 - Level 2.1 Stealth
 + Level 3.9 Spellcasting
 + Level 4.1 Conjurations
   Level 0.7 Transmutations
 * Level 7.6 Earth Magic


You had 4 spell levels left.
You knew the following spells:

 Your Spells              Type           Power        Failure   Level  Hunger
a - Sandblast             Erth           #####.       1%          1    None
b - Stone Arrow           Conj/Erth      ####..       3%          3    ###....
c - Lee's Rapid Deconstr  Erth           #####.....   14%         5    ######.


Dungeon Overview and Level Annotations

Branches:
Dungeon (4/15)
 Temple: D:4-7

Altars:
Cheibriados
Dithmenos

Annotations:
D:4 Grinder


Innate Abilities, Weirdness & Mutations

You are resistant to torment.
Your stone body is resilient. (AC +4)
You are immune to poison.
You resist negative energy. (rN+)
You are resistant to electric shocks. (rElec)
You can survive without breathing.
You are immune to petrification.
You are immune to rotting.


Message History

Grinder drinks a potion.
Grinder is healed!
Grinder gestures at you. Pain shoots through your body!
Grinder hits you but does no damage.
You can move again.
You barely miss Grinder.
Grinder is heavily wounded.
Grinder hits you.
You writhe in agony.
You hit Grinder.
Grinder is heavily wounded.
Grinder misses you.
You hit Grinder.
Grinder is heavily wounded.
Grinder hits you.
* * * LOW HITPOINT WARNING * * *
You writhe in agony.
* * * LOW HITPOINT WARNING * * *
Grinder gestures at you. Pain shoots through your body!
You die...

.# #.# #.####### .#
#.#####.#.....#
.###.#.#.#.#.##..#
.......#.#....#..#######
.#...#.#...#..#...(.....
...###..................
.#.###.#............#..#
.#.#....†###...#....#..#
.#...........#<#@.......
.####..........#5####.##
..# #.......####.. ...
..###.......# #... .#
....#.......# #...#
#.###.......# #...# .##
#.......# #####
.####.......#
...##########


You could see Grinder.

Vanquished Creatures
  Sigmund (D:4)
  3 big kobolds (Sewer)
  Ijyb (D:4)
  4 gnolls (D:3)
  8 adders
  A river rat (D:3)
  2 oozes (Sewer)
  An adder skeleton (D:4)
  3 worms
  3 dart slugs
  A leopard gecko (D:1)
  2 orcs
  6 bats
  9 giant cockroaches
  9 goblins
  10 hobgoblins
  7 jackals (D:1)
  7 kobolds
  2 quokkas
  5 ball pythons
  4 frilled lizards
  14 rats
103 creatures vanquished.

Notes
Turn   | Place    | Note
-------+----------+-------------------------------------------
     0 | D:1      | zero the Gargoyle Earth Elementalist began the quest for the Orb.
     0 | D:1      | Reached XP level 1. HP: 10/10 MP: 3/3
    41 | D:1      | Reached skill level 4 in Earth Magic
   381 | D:1      | Reached XP level 2. HP: 15/15 MP: 1/5
   919 | D:1      | Reached skill level 5 in Earth Magic
   919 | D:1      | Reached XP level 3. HP: 19/19 MP: 1/6
  1319 | D:1      | Learned a level 3 spell: Stone Arrow
  2049 | D:2      | Reached XP level 4. HP: 24/24 MP: 3/7
  2090 | D:2      | Reached skill level 1 in Conjurations
  2956 | D:3      | Found a glowing drain.
  3131 | Sewer    | Entered a sewer
  3153 | Sewer    | Reached XP level 5. HP: 4/28 MP: 0/8
  3630 | Sewer    | Reached skill level 6 in Earth Magic
  3643 | Sewer    | Noticed a big kobold
  3644 | Sewer    | Noticed a big kobold
  3654 | Sewer    | Killed a big kobold
  3654 | Sewer    | Killed a big kobold
  3654 | Sewer    | Reached XP level 6. HP: 24/32 MP: 0/10
  4361 | D:3      | Learned a level 5 spell: Lee's Rapid Deconstruction
  4381 | D:3      | Reached skill level 7 in Earth Magic
  4381 | D:3      | Reached XP level 7. HP: 36/36 MP: 12/12
  4764 | D:4      | Got a bone mace
  4765 | D:4      | Identified the +12 mace of the Mosquito {venom, rElec rC+} (You found it on level 4 of the Dungeon)
  4803 | D:4      | Noticed Sigmund
  4807 | D:4      | Killed Sigmund
  4853 | D:4      | Noticed Ijyb
  4855 | D:4      | Found a snail-covered altar of Cheibriados.
  4857 | D:4      | Killed Ijyb
  4921 | D:4      | Found a shadowy altar of Dithmenos.
  5014 | D:4      | Noticed Grinder
  5022 | D:4      | Paralysed by Grinder for 4 turns
  5028 | D:4      | Killed from afar by Grinder

Vault maps used:
D:1:      lemuel_arrival_hallway
D:3:      first_bread, portal_sewer_entry_a
D:4:      marbit_many_paths, gammafunk_temple_overflow_claw,
          cheibriados_altar_1, uniq_ijyb, uniq_grinder, uniq_sigmund
Sewer:    sewer_co_15_rooms

Skill      XL: |  1  2  3  4  5  6  7 |
---------------+----------------------+-----
Earth Magic    | 4 5 6 7 |  7.6
Conjurations   | 1 3 4 |  4.1
Spellcasting   | 3 |  3.9
Dodging        | |  1.5
Stealth        | |  2.1
Transmutations | |  0.7

Action                   |  1- 3 |  4- 6 |  7- 9 || total
-------------------------+-------+-------+-------++-------
Melee: Unarmed           |    34 |       |       ||    34
       Dagger            |    39 |   143 |     7 ||   189
       Mace              |       |       |    12 ||    12
 Cast: Sandblast         |    44 |    33 |       ||    77
       Stone Arrow       |     3 |    22 |     6 ||    31
Evoke: Wand              |       |     4 |       ||     4
  Use: Scroll            |     1 |     7 |     1 ||     9
 Stab: Sleeping          |     1 |     7 |     2 ||    10
  Eat: Chunk             |     5 |     6 |       ||    11
       Bread ration      |       |     1 |       ||     1
       Royal jelly       |       |       |     1 ||     1
Armor: Robe              |    25 |    74 |     5 ||   104
Dodge: Dodged            |    73 |   157 |    10 ||   240

Table legend:
 A = Spawn XP
 B = Non-spawn XP
 C = Spawn XP percentage of total XP
 D = Spawn monster count
 E = Non-spawn monster count
 F = Spawn count percentage of total count
 G = Total turns spent on level
                    A         B        C        D         E        F      G
               +---------+---------+-------+---------+---------+-------+---------
         Total |       0 |     907 |   0.0 |       0 |     103 |   0.0 |  5028
               +---------+---------+-------+---------+---------+-------+---------
           D:1 |       0 |      64 |   0.0 |       0 |      35 |   0.0 |  1883
           D:2 |       0 |      41 |   0.0 |       0 |      16 |   0.0 |  1072
           D:3 |       0 |     144 |   0.0 |       0 |      28 |   0.0 |   976
           D:4 |       0 |     273 |   0.0 |       0 |       7 |   0.0 |   289
         Sewer |       0 |     385 |   0.0 |       0 |      17 |   0.0 |   808
               +---------+---------+-------+---------+---------+-------+---------
